 Dungeon Crawl Stone Soup version 0.29-a0-284-gf9362112df (webtiles) character file.

Game seed: 18237882758771649562

137 timneilson the Covered (level 5, -3/33 HPs)
             Began as a Gargoyle Fighter on Mar 27, 2022.
             Slain by a kobold
             ... wielding a +1 dagger of distortion
              (16 damage)
             ... on level 3 of the Dungeon.
             The game lasted 00:03:22 (3111 turns).

timneilson the Covered (Gargoyle Fighter)           Turns: 3111, Time: 00:03:24

Health: -3/33      AC: 21    Str: 22    XL:     5   Next: 20%
Magic:  5/5        EV:  7    Int:  8    God:
Gold:   141        SH:  4    Dex:  9    Spells: 4/4 levels left

rFire   . . .      SeeInvis +   a - +1 long sword
rCold   . . .      Faith    .   c - +0 buckler
rNeg    + . .      Spirit   .   p - +4 chain mail
rPois   ∞          Reflect  .   e - +0 helmet
rElec   +          Harm     .   m - +2 cloak
rCorr   .          Rampage  .   (no gloves)
Will    .....                   (no boots)
Stlth   ..........              (no amulet)
HPRegen 0.11/turn               l - ring of see invisible
MPRegen 0.09/turn               (no ring)

@: no status effects
A: sickness immunity, AC +4, negative energy resistance 1, electricity
resistance, torment resistance 1, petrification resistance
a: no special abilities


You were on level 3 of the Dungeon.
You visited 1 branch of the dungeon, and saw 3 of its levels.

You collected 141 gold pieces.

Inventory:

Hand Weapons
 a - a +1 long sword (weapon)
Armour
 c - a +0 buckler (worn)
 e - a +0 helmet (worn)
 g - a +0 tower shield
 m - a +2 cloak (worn)
 p - a +4 chain mail (worn)
Jewellery
 l - a ring of see invisible (left hand)
Scrolls
 h - 2 scrolls of teleportation
 n - a scroll of enchant weapon
 o - a scroll of identify
Potions
 d - a potion of might
 f - a potion of resistance {unknown}
 i - 2 potions of curing {unknown}
 j - a potion of lignification
 k - a potion of ambrosia {unknown}


   Skills:
 + Level 3.8 Fighting
 * Level 2.8 Long Blades
 * Level 4.2 Armour
 + Level 1.0 Dodging
 * Level 4.1 Shields


You had 4 spell levels left.
You didn't know any spells.
Your spell library contained the following spells:

 Spells                   Type           Power      Damage    Failure   Level
 Apportation              Tloc           0%         N/A       99%         1
 Alistair's Intoxication  Tmut/Pois      0%         N/A       100%        5


Dungeon Overview and Level Annotations

Branches:
Dungeon (3/15)

Altars:
Lugonu

Portals:
Abyss: D:3


Innate Abilities, Weirdness & Mutations

You are immune to sickness and miasma.
Your stone body is resilient. (AC +4)
You are immune to poison.
You resist negative energy. (rN+)
You are resistant to electric shocks. (rElec)
You are resistant to unholy torment.
You are immune to petrification.


Message History

No target in view!
Things that are here:
a +0 club; an orc corpse
There is a stone staircase leading down here.
There is an open door here.
Found 18 stones.
You see here 18 stones.
You see here a +0 dagger.
The kobold shouts! x3
The kobold shouts!
The kobold shouts!
Could not explore, unopened runed door.
You open the large door.
There is a large open translucent door here.
The kobold closely misses you.
You slash the kobold!
You kill the kobold!
The kobold throws a stone.
You block the stone. The kobold hits you but does no damage.
Things that are here:
a +2 dagger of distortion; a kobold corpse You closely miss the kobold.
The kobold hits you but does no damage. You block the kobold's attack.
You hit the kobold.
You kill the kobold!
The kobold throws a stone.
The stone hits you but does no damage.
Things that are here:
a +0 short sword; 3 stones You hit the kobold.
The kobold is severely wounded.
The kobold hits you but does no damage.
You blink.
The kobold hits you but does no damage. Space warps around you.
You closely miss the kobold.
The kobold is severely wounded.
The kobold throws a stone.
The stone barely misses you. The kobold barely misses you.
The kobold hits you but does no damage. Space warps around you.
The kobold hits you but does no damage. Space warps horribly around you!
The kobold hits you but does no damage. Space warps horribly around you!
You die...

.......# ###....### #.#######.#
###.#### #........# #.# #..#.#
.##.# #..§§.§.## #.# #..#.# .##.#
#..§§§§§# #.# #..#.# ..#.#
##.#§§§## #.####..#.# #.#.#
####§## #.#....<#.# #.#.# ##.)§##
#.###...#.# #.#.#
#§§KK§#####†###...#.# #.#.#
##§K@###..........#.# #...# #####
#.##.###...#.# ##..####### #...#
#....#######.# #.>......# ##.##
######.......#
#########.####..#########.#######
.....##..........................
.....##.#.###############.#######
#######.#.# #.# ........#.# #.#


You could see 3 kobolds.

Vanquished Creatures
  4 adders
  4 gnolls (D:2)
  2 worms
  2 dart slugs (D:3)
  4 orcs (D:3)
  5 bats
  3 endoplasms
  A giant cockroach (D:3)
  6 goblins
  3 hobgoblins
  5 kobolds
  3 quokkas
  3 ball pythons
  3 frilled lizards
  3 rats
51 creatures vanquished.

Notes
Turn   | Place    | Note
-------+----------+-------------------------------------------
     0 | D:1      | timneilson the Gargoyle Fighter began the quest for the
                  | Orb.
     0 | D:1      | Reached XP level 1. HP: 14/14 MP: 1/1
   497 | D:1      | Found a faded altar of an unknown god.
   519 | D:1      | Reached XP level 2. HP: 19/19 MP: 2/2
   821 | D:2      | Reached XP level 3. HP: 23/23 MP: 3/3
  1428 | D:2      | Reached XP level 4. HP: 23/28 MP: 4/4
  1440 | D:2      | Reached skill level 1 in Dodging
  2140 | D:3      | Found a large runed translucent door.
  2140 | D:3      | Found a large runed translucent door.
  2143 | D:3      | Found a corrupted altar of Lugonu.
  2177 | D:3      | Found a one-way gate to the infinite horrors of the Abyss.
  2234 | D:3      | Reached XP level 5. HP: 33/33 MP: 5/5
  3111 | D:3      | Slain by a kobold

Illustrated notes

Levels and vault maps discovered:
D:1:      psy_arrival_dodecagon, layout_loops_ring,
          ebering_ecumenical_altar_hall
D:2:      layout_basic
D:3:      due_chaos_kobolds, layout_basic, guppyfry_early_orc_mine

Skill      XL: |  1  2  3  4 |
---------------+-------------+-----
Long Blades    | 2 |  2.8
Armour         | 4 |  4.2
Dodging        | 1 |  1.0
Shields        | 4 |  4.1
Fighting       | |  3.8

Action                   |  1- 3 |  4- 6 || total
-------------------------+-------+-------++-------
Melee: Long sword        |    94 |   106 ||   200
  Use: Scroll            |     4 |     2 ||     6
       Potion            |     1 |       ||     1
Armor: Scale mail        |    59 |    63 ||   122
       Chain mail        |       |    10 ||    10
Dodge: Dodged            |    48 |    44 ||    92
Block: Buckler           |    15 |    35 ||    50

Table legend: (Time is in decaauts)
 A = Elapsed time spent in this place.
 B = Non-inter-level travel time spent in this place.
 C = Inter-level travel time spent in this place.
 D = Time resting spent in this place.
 E = Time spent auto-exploring this place.
 F = Levels seen in this place.
 G = Mean time per level.
                   A        B        C        D        E       F      G
               +--------+--------+--------+--------+--------+-----+--------+
         Total |   3174 |   3117 |     57 |      0 |   2562 |   3 | 1058.0 |
       Dungeon |   3174 |   3117 |     57 |      0 |   2562 |   3 | 1058.0 |
               +--------+--------+--------+--------+--------+-----+--------+

Top non-repeatable levels by time:
     D:3: 1410 daAuts
     D:2: 1067 daAuts
     D:1: 696 daAuts
